[Event "fics rated crazyhouse match"]
[Site "fics, Oklahoma City, OK USA"]
[Date "2000.01.29"]
[White "LINDEGREN"]
[WhiteElo "2305"]
[Black "Tecumseh"]
[BlackElo "2257"]
[TimeControl "120+0"]
[Result "0-1"]

1. e4 e6 2. Nc3 Nf6 3. d4 d5 4. exd5 Nxd5 5. Nf3 Nc6 6. Bb5 
Be7 7. Bxc6+ bxc6 8. P@e4 Nxc3 9. bxc3 N@h4 10. Nxh4 Bxh4 11. N@h5 Rg8 
12. N@f3 e5 13. Nxh4 Qxh4 14. B@g5 Qxh5 15. Qxh5 P@f6 16. Bxf6 gxf6 17. Qxh7 
Rxg2 18. Qxf7+ Kxf7 19. N@d8+ Kg7 20. P@h6+ Kh7 21. Q@f7+ B@g7 22. P@g6+ Rxg6 
23. Qxg6+ Kxg6 24. P@f5+ Kh5 25. R@h3+ P@h4 26. hxg7 N@g2+ 27. Kd1 P@e2+ 28. Kxe2 
B@g4+ 29. P@f3 N@f4+ 30. Bxf4 Nxf4+ 31. Kd2 Q@e2+ 32. Kc1 B@a3+ 33. B@b2 Q@d2# 
{LINDEGREN resigns} 0-1

[Event "fics rated crazyhouse match"]
[Site "fics, Oklahoma City, OK USA"]
[Date "2000.01.29"]
[White "Tecumseh"]
[WhiteElo "2266"]
[Black "LINDEGREN"]
[BlackElo "2296"]
[TimeControl "120+0"]
[Result "0-1"]

1. e4 Nf6 2. e5 e6 3. exf6 gxf6 4. d4 d5 5. Nf3 Nc6 6. Nc3 
Rg8 7. N@h6 Rg6 8. Nxf7 Kxf7 9. Nh4 Qe7 10. Nxg6 hxg6 11. R@h7+ P@g7 
12. P@h6 Ke8 13. hxg7 Bxg7 14. P@h6 N@f5 15. hxg7 Nxg7 16. Bh6 N@f5 17. Bxg7 
Nxg7 18. B@h6 B@f8 19. N@g8 Qf7 20. Bxg7 Bxg7 21. N@h6 Qf8 22. Rxg7 Qxg7 
23. Bb5 B@g5 24. B@e3 Bxe3 25. fxe3 B@g5 26. B@f4 Bxf4 27. exf4 B@e3 28. Qf3 
P@f2+ 29. Ke2 Bxd4 30. B@e3 Bxe3 31. Qxe3 B@b6 32. B@c5 P@d4 33. Qxd4 P@e5 
34. fxe5 fxe5 35. P@f6 exd4 36. fxg7 Q@e3+ 37. Kd1 R@e1+ 38. Rxe1 Qxe1# 
{Tecumseh checkmated} 0-1

[Event "fics rated crazyhouse match"]
[Site "fics, Oklahoma City, OK USA"]
[Date "2000.01.29"]
[White "LINDEGREN"]
[WhiteElo "2303"]
[Black "Thufir"]
[BlackElo "2308"]
[TimeControl "120+0"]
[Result "1-0"]

1. e4 e6 2. Nc3 Nc6 3. Nf3 Nf6 4. d4 Bb4 5. Bd3 d5 6. exd5 
exd5 7. Qe2+ P@e4 8. Bb5 Bg4 9. Bxc6+ bxc6 10. N@e5 Bxf3 11. gxf3 N@g2+ 
12. Kd1 B@d7 13. B@g5 Bxc3 14. Bxf6 Qxf6 15. N@h5 Qe7 16. Nxg7+ Kd8 17. bxc3 
N@f4 18. P@f6 Qxf6 19. P@b7 Rb8 20. Bxf4 Nxf4 21. B@g5 Qxg5 22. Nxf7+ Ke7 
23. Nxg5 Nxe2 24. N@f5+ Kf6 25. Nxe4+ dxe4 26. Q@e7+ Kg6 27. P@h5# 
{Thufir checkmated} 1-0

[Event "fics rated crazyhouse match"]
[Site "fics, Oklahoma City, OK USA"]
[Date "2000.01.29"]
[White "Thufir"]
[WhiteElo "2300"]
[Black "LINDEGREN"]
[BlackElo "2311"]
[TimeControl "120+0"]
[Result "0-1"]

1. e4 Nf6 2. Nc3 e6 3. d4 d5 4. exd5 Nxd5 5. P@e4 Nxc3 6. bxc3 
Nc6 7. Bb5 Bd7 8. Nf3 Be7 9. N@h5 Rg8 10. e5 P@b4 11. Bd3 N@f5 
12. Bxf5 exf5 13. Bd2 bxc3 14. Bxc3 B@b4 15. Bxb4 Bxb4+ 16. P@d2 B@g4 17. N@f6+ 
gxf6 18. Nxf6+ Qxf6 19. exf6 Bxf3 20. Qxf3 Nxd4 21. Qe3+ N@e6 22. B@b3 N@g4 
23. Qd3 P@h3 24. P@e7 Nxf6 25. Bxe6 Nxe6 26. N@d5 Nxd5 27. Qxd5 B@f6 28. Qxb7 
Bxd2+ 29. Kxd2 N@e4+ 30. Qxe4 fxe4 31. B@e3 N@c4+ 32. Kd1 P@b2 33. Rb1 P@e2+ 
34. Kxe2 P@f3+ 35. Kd1 Q@e2# 
{Thufir checkmated} 0-1

[Event "fics rated crazyhouse match"]
[Site "fics, Oklahoma City, OK USA"]
[Date "2000.01.29"]
[White "LINDEGREN"]
[WhiteElo "2319"]
[Black "Thufir"]
[BlackElo "2292"]
[TimeControl "120+0"]
[Result "1-0"]

1. e4 e6 2. Nc3 Nc6 3. d4 Nf6 4. Nf3 Bb4 5. Bd3 d5 6. exd5 
exd5 7. Qe2+ P@e4 8. Bb5 Bg4 9. Rg1 Qe7 10. Bxc6+ bxc6 11. N@e5 exf3 
12. gxf3 Bxc3+ 13. bxc3 Be6 14. B@b7 B@b5 15. P@d3 N@h3 16. Rg3 N@f4 17. Qd2 
Rb8 18. Bxc6+ Bxc6 19. Nxc6 Rd8 20. P@e3 Qd7 21. Ne5 Qe7 22. exf4 B@d6 
23. B@f1 Bxe5 24. dxe5 Nd7 25. B@d4 N@g1 26. P@f6 gxf6 27. exf6 Nxf6 28. Bxf6 
Qxf6 29. N@h5 Qe7 30. N@f6+ Qxf6 31. Nxf6+ Ke7 32. Q@h4 P@g5 33. fxg5 Rd6 
34. P@e5 Rb6 35. g6 fxg6 36. Nxd5+ Ke8 37. Qe7# 
{Thufir checkmated} 1-0

[Event "fics rated crazyhouse match"]
[Site "fics, Oklahoma City, OK USA"]
[Date "2000.01.29"]
[White "Thufir"]
[WhiteElo "2285"]
[Black "LINDEGREN"]
[BlackElo "2326"]
[TimeControl "120+0"]
[Result "1-0"]

1. e4 Nf6 2. Nc3 e6 3. d4 d5 4. e5 Ne4 5. Nxe4 dxe4 6. Be3 
Nc6 7. Nh3 Bb4+ 8. N@c3 Be7 9. Nxe4 N@f5 10. P@c3 Rg8 11. Bd3 Nxe3 
12. fxe3 B@f5 13. Nf4 Bh4+ 14. N@g3 Ne7 15. O-O Bxg3 16. Nxg3 Bxd3 17. Qxd3 
Nf5 18. Nxf5 exf5 19. B@b3 B@e4 20. Qc4 N@e6 21. B@a4+ N@c6 22. N@g3 Qe7 
23. Nxe4 fxe4 24. Nd5 N@b6 25. Bxc6+ bxc6 26. Qxc6+ Bd7 27. Nxc7+ Nxc7 28. Qxc7 
N@d5 29. Bxd5 Nxd5 30. N@d6+ Kf8 31. N@g6# 
{LINDEGREN resigns} 1-0

[Event "fics rated crazyhouse match"]
[Site "fics, Oklahoma City, OK USA"]
[Date "2000.01.29"]
[White "LINDEGREN"]
[WhiteElo "2317"]
[Black "Thufir"]
[BlackElo "2294"]
[TimeControl "120+0"]
[Result "1-0"]

1. e4 e6 2. Nc3 Nc6 3. d4 Bb4 4. Nf3 Nf6 5. Bd3 d5 6. exd5 
exd5 7. Qe2+ Qe7 8. Bb5 P@e4 9. Ne5 Bd7 10. Bxc6 bxc6 11. Nxd7 Nxd7 
12. N@f5 Qf6 13. B@h3 B@b5 14. P@d3 O-O 15. O-O Bxc3 16. bxc3 N@h4 17. Nxh4 
Qxh4 18. B@g5 N@f3+ 19. Kh1 Nxg5 20. Bxg5 Qxg5 21. f4 exf3 22. Rxf3 B@e4 
23. Rg3 P@g4 24. Rxg4 Qxg4 25. Bxg4 N@f4 26. N@h6+ gxh6 27. P@g7 N@g6 28. N@e7+ 
Kxg7 29. Nxg6 hxg6 30. Qf2 B@g5 31. dxe4 dxe4 32. B@e5+ Nxe5 33. dxe5 B@e7 
34. P@f6+ Bgxf6 35. Qxf4 R@f5 36. Bxf5 gxf5 37. exf6+ Bxf6 38. N@h5+ Kh8 39. R@h7+ 
Kxh7 40. Nxf6+ Kg7 41. N@h5+ Kg6 42. Q@g7# 
{Thufir checkmated} 1-0

[Event "fics rated crazyhouse match"]
[Site "fics, Oklahoma City, OK USA"]
[Date "2000.01.29"]
[White "LINDEGREN"]
[WhiteElo "2315"]
[Black "Thufir"]
[BlackElo "2296"]
[TimeControl "120+0"]
[Result "0-1"]

1. e4 e6 2. Nf3 d6 3. d4 Nf6 4. Bb5+ Nbd7 5. Nc3 Be7 6. O-O 
O-O 7. Qe2 e5 8. d5 Nc5 9. Bd3 Bg4 10. Be3 Nxd3 11. Qxd3 Bxf3 
12. gxf3 N@f4 13. Bxf4 exf4 14. B@h3 B@e5 15. N@f5 B@g6 16. Ne2 Bxf5 17. exf5 
N@g5 18. B@g2 c6 19. dxc6 bxc6 20. Kh1 Bxb2 21. Rad1 Be5 22. P@h4 Nxh3 
23. Bxh3 B@d5 24. N@e4 P@c4 25. Qd2 Nxe4 26. fxe4 Bxe4+ 27. f3 P@e3 28. Qe1 
P@f2 29. Rxf2 exf2 30. Qxf2 N@e3 31. Rg1 Bxf5 32. P@g4 Bxc2 33. N@h5 P@g3 
34. hxg3 fxg3 35. Nexg3 Bxg3 36. Qxg3 N@e2 37. Qf2 Nxg1 38. P@h6 Nxh3 39. Qh2 
R@d1+ 40. B@g1 P@g2+ 41. Qxg2 Nxg2 42. hxg7 Rxg1+ 43. Kh2 B@f4+ 44. Nxf4 Q@h1+ 
45. Kg3 B@h2+ 46. Kxh3 Bxf4# 
{LINDEGREN resigns} 0-1

[Event "fics rated crazyhouse match"]
[Site "fics, Oklahoma City, OK USA"]
[Date "2000.01.29"]
[White "LINDEGREN"]
[WhiteElo "2315"]
[Black "Thufir"]
[BlackElo "2296"]
[TimeControl "120+0"]
[Result "1-0"]

1. e4 e6 2. Nf3 Nc6 3. d4 Nf6 4. Bd3 d5 5. e5 Ne4 6. O-O 
Be7 7. c3 O-O 8. Ne1 f5 9. exf6 Nxf6 10. f3 P@b4 11. Qc2 bxc3 
12. bxc3 P@c4 13. Bxh7+ Nxh7 14. P@g6 Nf6 15. Bg5 B@f5 16. P@h7+ Kh8 17. Bxf6 
Bxc2 18. Bxg7+ Kxg7 19. Nxc2 B@f6 20. B@f7 Rxf7 21. gxf7 Kxh7 22. P@h5 B@d3 
23. P@g6+ Bxg6 24. hxg6+ Kxg6 25. B@g8 P@g5 26. Nd2 P@d3 27. Ne3 P@h6 28. Ng4 
Q@h8 29. Nxf6 Bxf6 30. B@h7+ Kg7 31. N@h5+ Kf8 32. R@e8+ Qxe8 33. fxe8=Q+ Kxe8 
34. Q@f7+ Kd8 35. Nxf6 N@e2+ 36. Kh1 Qxf6 37. Qxf6+ P@e7 38. Qf8+ N@e8 39. Qxe8+ 
Kxe8 40. Bf7+ Kxf7 41. Q@g8+ Kf6 42. N@g4# 
{Thufir checkmated} 1-0

[Event "fics rated crazyhouse match"]
[Site "fics, Oklahoma City, OK USA"]
[Date "2000.01.29"]
[White "Thufir"]
[WhiteElo "2288"]
[Black "LINDEGREN"]
[BlackElo "2323"]
[TimeControl "120+0"]
[Result "1-0"]

1. e4 Nf6 2. e5 Nd5 3. d4 e6 4. Nf3 d6 5. Be2 Nc6 6. O-O 
Bd7 7. c4 Nb6 8. exd6 Bxd6 9. P@e5 Be7 10. Be3 P@d5 11. c5 Nc4 
12. Bxc4 dxc4 13. N@h5 Rg8 14. Nc3 B@g4 15. Ng3 Nb4 16. h3 Bxf3 17. Qxf3 
Bc6 18. B@b5 Bxb5 19. Nxb5 B@c6 20. Nxc7+ Qxc7 21. B@e4 Bxe4 22. Nxe4 B@f5 
23. P@d6 Bxe4 24. Qxe4 Qc6 25. Qxh7 N@e2+ 26. Kh1 O-O-O 27. B@f3 Nd5 28. Bxe2 
Rh8 29. Qxg7 Nxe3 30. B@f3 B@d5 31. dxe7 Rdg8 32. N@d6+ Kb8 33. e8=Q+ Rxe8 
34. Nxe8 Bxf3 35. R@d8+ N@c8 36. Bxf3 
{LINDEGREN forfeits on time} 1-0

[Event "fics rated crazyhouse match"]
[Site "fics, Oklahoma City, OK USA"]
[Date "2000.01.29"]
[White "roboRPETE"]
[WhiteElo "2341"]
[Black "Thufir"]
[BlackElo "2297"]
[TimeControl "0+1"]
[Result "0-1"]

1. e4 e6 2. d4 Nc6 3. Nf3 Nf6 4. e5 Nd5 5. Nc3 d6 6. exd6 
cxd6 7. Bg5 Be7 8. Nxd5 exd5 9. Bxe7 Qxe7+ 10. N@e3 P@e4 11. Nxd5 exf3+ 
12. Nxe7 Nxe7 13. B@b5+ B@c6 14. Bxc6+ bxc6 15. gxf3 N@d5 16. Q@e2 B@e6 17. P@e5 
N@f4 18. Qed2 dxe5 19. dxe5 O-O 20. B@d6 P@g2 21. Rg1 gxf1=Q+ 22. Kxf1 B@h3+ 
23. P@g2 Bxg2+ 24. Rxg2 Bh3 25. Bxe7 Bxg2+ 26. Kg1 R@h1# 
{roboRPETE checkmated} 0-1

[Event "fics rated crazyhouse match"]
[Site "fics, Oklahoma City, OK USA"]
[Date "2000.01.29"]
[White "Thufir"]
[WhiteElo "2306"]
[Black "roboRPETE"]
[BlackElo "2331"]
[TimeControl "0+1"]
[Result "1-0"]

1. e4 e6 2. Nc3 d6 3. d4 Nf6 4. Nf3 Be7 5. Bd3 d5 6. e5 
Ng4 7. O-O Nc6 8. h3 Nh6 9. Bxh6 gxh6 10. N@g7+ Kf8 11. Nh5 B@g5 
12. Nxd5 exd5 13. P@g7+ Kg8 14. gxh8=Q+ Kxh8 15. Nxg5 Bxg5 16. B@g7+ Kg8 17. R@h8# 
{roboRPETE checkmated} 1-0

[Event "fics rated crazyhouse match"]
[Site "fics, Oklahoma City, OK USA"]
[Date "2000.01.29"]
[White "roboRPETE"]
[WhiteElo "2322"]
[Black "Thufir"]
[BlackElo "2315"]
[TimeControl "0+1"]
[Result "1-0"]

1. e4 e6 2. Nc3 Nc6 3. d4 Nf6 4. e5 Nd5 5. Nxd5 exd5 6. N@e3 
d6 7. exd6 Qxd6 8. P@b5 Nb4 9. c3 N@c2+ 10. Nxc2 Nxc2+ 11. Qxc2 Bg4 
12. N@e5 Qe6 13. N@f4 Qe7 14. Nxd5 Be6 15. Nxe7 Bxe7 16. P@f5 Bc8 17. Q@e2 
P@e6 18. fxe6 Bxe6 19. P@f5 P@d6 20. fxe6 fxe6 21. B@d7+ Kd8 22. Bxe6 dxe5 
23. dxe5 P@d7 24. Qcd1 N@f8 25. Bd5 N@e6 26. Bxb7 Rb8 27. Bd5 c6 28. bxc6 
dxc6 29. Bxe6+ P@d7 30. N@f7+ Ke8 31. Bxd7+ Nxd7 32. Nxh8 B@e6 33. P@f7+ Bxf7 
34. Nxf7 Kxf7 35. e6+ Kf8 36. R@h8+ N@g8 37. Qxd7 N@f6 38. Rxg8+ Kxg8 39. Qxe7 
Kh8 40. N@f7+ Kg8 41. N@h6+ gxh6 42. Nxh6+ Kh8 43. P@g7# 
{Thufir checkmated} 1-0

[Event "fics rated crazyhouse match"]
[Site "fics, Oklahoma City, OK USA"]
[Date "2000.01.29"]
[White "Thufir"]
[WhiteElo "2307"]
[Black "roboRPETE"]
[BlackElo "2330"]
[TimeControl "0+1"]
[Result "0-1"]

1. e4 e6 2. Nc3 Nc6 3. d4 Nf6 4. e5 Nd5 5. Nf3 d6 6. exd6 
Nxc3 7. Bd3 Nxd1 8. Kxd1 Bxd6 9. N@h5 Q@g4 10. Ng3 Nxd4 11. P@e2 N@b4 
12. Nxd4 Nxd3 13. cxd3 Qxd4 14. N@b3 Qxf2 15. N@e4 Qxg2 16. Rf1 Bxg3 17. Nxg3 
Qxh2 18. B@h5 Qxg3 19. Bxf7+ Ke7 20. Bd2 N@f2+ 21. Rxf2 Qxf2 22. N@e5 R@f1+ 
23. Kc2 Rxa1 24. Nxa1 R@c5+ 25. P@c4 Rxe5 26. R@f3 N@d4+ 27. Kc1 Qe1+ 28. Bxe1 
Nxf3 29. exf3 Rxe1+ 30. Kd2 B@b4+ 31. N@c3 R@e2# 
{Thufir checkmated} 0-1

[Event "fics rated crazyhouse match"]
[Site "fics, Oklahoma City, OK USA"]
[Date "2000.01.29"]
[White "roboRPETE"]
[WhiteElo "2337"]
[Black "Thufir"]
[BlackElo "2300"]
[TimeControl "0+1"]
[Result "0-1"]

1. e4 e6 2. Nc3 Nc6 3. d4 Nf6 4. Bg5 Be7 5. Nf3 d6 6. Bc4 
O-O 7. Qe2 Ng4 8. Be3 e5 9. Bd5 exd4 10. Nxd4 Nxd4 11. Bxd4 N@f4 
12. Qf3 P@e5 13. Be3 Nxe3 14. fxe3 Nxd5 15. Nxd5 B@g4 16. Nxe7+ Qxe7 17. N@d5 
Qh4+ 18. Qf2 Qxf2+ 19. Kxf2 B@g5 20. Q@c3 Bge6 21. Nxc7 N@g4+ 22. Ke1 Q@f2+ 
23. Kd1 Nxe3+ 24. Qxe3 Bxe3 25. N@e7+ Kh8 26. N@g6+ fxg6 27. Nxg6+ hxg6 28. N@f7+ 
Bxf7 29. Nxa8 Q@d2# 
{roboRPETE checkmated} 0-1

[Event "fics rated crazyhouse match"]
[Site "fics, Oklahoma City, OK USA"]
[Date "2000.01.29"]
[White "Thufir"]
[WhiteElo "2309"]
[Black "roboRPETE"]
[BlackElo "2328"]
[TimeControl "0+1"]
[Result "0-1"]

1. e4 Nc6 2. Nc3 e5 3. Nf3 Nf6 4. Bc4 d6 5. O-O Be6 6. Bxe6 
fxe6 7. Ng5 B@g4 8. f3 h6 9. B@g6+ Kd7 10. fxg4 hxg5 11. B@f7 N@d4 
12. d3 Nb4 13. Be3 Ndxc2 14. Bxe6+ Kxe6 15. Bf5+ Ke7 16. a3 Nxe3 17. axb4 
Nxd1 18. N@g6+ Ke8 19. P@f7+ Kxf7 20. Raxd1 Q@e3+ 21. N@f2 Rg8 22. Rfe1 Qb6 
23. Nd5 Nxd5 24. exd5 Qxb4 25. Be6+ Kxg6 26. Bf5+ Kf7 27. N@g6 Qxb2 28. Nxf8 
Rxf8 29. B@g6+ Ke7 30. Ne4 B@d4+ 31. Kh1 N@f2+ 32. Nxf2 Qxf2 33. Be4 N@g3+ 
34. hxg3 Qg1+ 35. Rxg1 N@f2+ 36. Kh2 Nxg4+ 37. Kh3 N@f2# 
{Thufir checkmated} 0-1

[Event "fics rated crazyhouse match"]
[Site "fics, Oklahoma City, OK USA"]
[Date "2000.01.29"]
[White "roboRPETE"]
[WhiteElo "2336"]
[Black "Thufir"]
[BlackElo "2301"]
[TimeControl "0+1"]
[Result "1-0"]

1. e4 e6 2. d4 Nc6 3. Nc3 Nf6 4. Nf3 Bb4 5. Bb5 d5 6. Bxc6+ 
bxc6 7. exd5 Nxd5 8. N@e4 P@f5 9. Bg5 B@e7 10. Bxe7 Qxe7 11. B@g5 f6 
12. P@d6 cxd6 13. Bd2 fxe4 14. Nxe4 Bxd2+ 15. Qxd2 N@f4 16. B@f1 B@b4 17. P@c3 
Ba5 18. b4 P@f5 19. Nxd6+ Qxd6 20. P@e5 fxe5 21. dxe5 Qd7 22. bxa5 N@e4 
23. Qc1 Nexc3 24. B@g5 P@d2+ 25. Qxd2 Ne4 26. Bxf4 Nxd2 27. Bxd2 P@c3 28. N@d6+ 
Kd8 29. N@f7+ Ke7 30. Bg5+ B@f6 31. Nxh8 Bxg5 32. R@f7+ Kd8 33. Rxd7+ Bxd7 
34. Nhf7+ Kc7 35. Q@b7# 
{Thufir checkmated} 1-0

[Event "fics rated crazyhouse match"]
[Site "fics, Oklahoma City, OK USA"]
[Date "2000.01.29"]
[White "Thufir"]
[WhiteElo "2294"]
[Black "roboRPETE"]
[BlackElo "2343"]
[TimeControl "0+1"]
[Result "1-0"]

1. e4 e6 2. Nc3 Nc6 3. d4 Nf6 4. e5 Nd5 5. Nf3 d6 6. exd6 
Nxc3 7. bxc3 Bxd6 8. Bd3 N@h4 9. Nxh4 Qxh4 10. P@g3 Qf6 11. N@h5 Qe7 
12. Nxg7+ Kf8 13. Bh6 Kg8 14. Nh5 N@f6 15. P@g7 P@d5 16. gxh8=Q+ Kxh8 17. Bg7+ 
Kg8 18. R@h8# 
{roboRPETE checkmated} 1-0

[Event "fics rated crazyhouse match"]
[Site "fics, Oklahoma City, OK USA"]
[Date "2000.01.29"]
[White "roboRPETE"]
[WhiteElo "2334"]
[Black "Thufir"]
[BlackElo "2303"]
[TimeControl "0+1"]
[Result "1-0"]

1. e4 e6 2. d4 Nc6 3. Nf3 Nf6 4. Nc3 Bb4 5. Bd3 d5 6. exd5 
exd5 7. Qe2+ P@e4 8. P@g5 Qe7 9. gxf6 gxf6 10. N@g7+ Kd8 11. Bb5 exf3 
12. Qxe7+ Nxe7 13. gxf3 N@g2+ 14. Kf1 Nh4 15. Q@g3 Nhf5 16. Nxf5 Nxf5 17. Qf4 
N@h3 18. Qd2 Bd7 19. P@c4 Bxb5 20. cxb5 Bxc3 21. Qxc3 P@g2+ 22. Kxg2 N@f4+ 
23. Bxf4 Nxf4+ 24. Kf1 Q@g2+ 25. Ke1 Qxh1+ 26. B@g1 Qxg1+ 27. N@f1 Ng2+ 28. Ke2 
R@e7+ 29. P@e5 Qxh2 30. Nxh2 Nf4+ 31. Kd2 P@e3+ 32. fxe3 Ne6 33. exf6 B@b6 
34. fxe7+ Nxe7 35. Q@f6 Re8 36. N@e5 B@d6 37. R@d7+ Kc8 38. Qxf7 Rd8 39. Rxd6 
Rxd6 40. P@d7+ Rxd7 41. Qxe6 R@f2+ 42. B@e2 B@e8 43. N@d6+ Kb8 44. Nxe8 Rd8 
45. Qxe7 Rc8 46. N@d7# 
{Thufir checkmated} 1-0

[Event "fics rated crazyhouse match"]
[Site "fics, Oklahoma City, OK USA"]
[Date "2000.01.29"]
[White "Thufir"]
[WhiteElo "2296"]
[Black "roboRPETE"]
[BlackElo "2341"]
[TimeControl "0+1"]
[Result "1-0"]

1. e4 e6 2. Nc3 d6 3. d4 Nf6 4. Nf3 Be7 5. Bd3 d5 6. e5 
Ng4 7. h3 Nh6 8. Bxh6 gxh6 9. N@g7+ Kf8 10. Nh5 Nd7 11. O-O B@g6 
12. Bxg6 hxg6 13. Nxd5 gxh5 14. Nxe7 Qxe7 15. P@f6 Nxf6 16. exf6 Qxf6 17. B@e5 
Qe7 18. Bxh8 N@d5 19. B@e5 N@a4 20. N@h7+ Ke8 21. R@g8+ Kd7 22. Bhf6 Nxb2 
23. Bxe7 P@h2+ 24. Nxh2 Kc6 25. Qf3 B@g6 26. Rxg6 fxg6 27. Q@c5+ Kd7 28. Qf8 
Na4 29. B@e8# 
{roboRPETE checkmated} 1-0

[Event "fics rated crazyhouse match"]
[Site "fics, Oklahoma City, OK USA"]
[Date "2000.01.29"]
[White "roboRPETE"]
[WhiteElo "2332"]
[Black "Thufir"]
[BlackElo "2305"]
[TimeControl "0+1"]
[Result "1-0"]

1. e4 e6 2. d4 Nc6 3. Nf3 Nf6 4. Nc3 Bb4 5. Bg5 Nxe4 6. Bxd8 
Nxc3 7. Qd2 Nd5 8. c3 N@e4 9. Qe2 Ndxc3 10. bxc3 Nxc3 11. Bxc7 Nxe2+ 
12. Kxe2 O-O 13. Q@c2 P@g4 14. N@f6+ gxf6 15. N@h6+ Kh8 16. Nxg4 P@g7 17. P@b5 
Ne7 18. P@b2 Nd5 19. a3 N@f4+ 20. Kd1 P@d3 21. Bxd3 Nxd3 22. Qxd3 Nf4 
23. Bxf4 B@a4+ 24. P@b3 Be7 25. bxa4 f5 26. Ne3 Q@e4 27. Qxe4 fxe4 28. B@d6 
Q@d3+ 29. Q@d2 Bxd6 30. Qxd3 exd3 31. Bxd6 B@c2+ 32. Kc1 Q@e2 33. Bxf8 d6 
34. Q@d8 Bd7 35. Qxa8 Be8 36. Qxe8 d2+ 37. Nxd2 Qxd2+ 38. Kxd2 N@e4+ 39. Kxc2 
h5 40. Qxf7 Kh7 41. Qxg7# 
{Thufir checkmated} 1-0

[Event "fics rated crazyhouse match"]
[Site "fics, Oklahoma City, OK USA"]
[Date "2000.01.29"]
[White "Thufir"]
[WhiteElo "2298"]
[Black "roboRPETE"]
[BlackElo "2339"]
[TimeControl "0+1"]
[Result "1-0"]

1. e4 e6 2. Nc3 d6 3. d4 Nf6 4. Nf3 Be7 5. Bd3 d5 6. e5 
Ng4 7. h3 Nh6 8. Bxh6 gxh6 9. N@g7+ Kf8 10. Nh5 Nd7 11. Nxd5 exd5 
12. P@g7+ Kg8 13. gxh8=Q+ Kxh8 14. O-O P@e4 15. Bxe4 dxe4 16. P@g7+ Kg8 17. R@h8# 
{roboRPETE checkmated} 1-0

[Event "fics rated crazyhouse match"]
[Site "fics, Oklahoma City, OK USA"]
[Date "2000.01.29"]
[White "roboRPETE"]
[WhiteElo "2330"]
[Black "Thufir"]
[BlackElo "2307"]
[TimeControl "0+1"]
[Result "1-0"]

1. e4 e6 2. Nc3 Nc6 3. d4 Nf6 4. e5 Nd5 5. Nxd5 exd5 6. N@e3 
d6 7. exd6 Qxd6 8. P@b5 Nd8 9. Nh3 Bxh3 10. gxh3 P@e4 11. B@g3 N@f3+ 
12. Qxf3 exf3 13. Bxd6 N@g2+ 14. Nxg2 fxg2 15. Q@e2+ N@e4 16. Bxg2 Bxd6 17. Bxe4 
dxe4 18. Qxe4+ Q@e6 19. Qxe6+ Nxe6 20. Q@e2 B@d5 21. N@e4 Bxe4 22. Qxe4 B@g6 
23. Qxb7 Rd8 24. B@c6+ Kf8 25. P@e5 Nxd4 26. P@e7+ Bxe7 27. N@d7+ Kg8 28. N@f4 
Nxc2+ 29. Ke2 N@d4+ 30. Kd1 P@e2+ 31. Kd2 Nb4 32. Qxc7 Q@c2+ 33. Ke3 Nf5+ 
34. Kf3 Nxc6 35. Qxc6 B@e4+ 36. Qxe4 Qxe4+ 37. Kxe4 Nh4+ 38. Nxg6 Q@f3+ 39. Kd4 
Nxg6 40. Q@c6 N@e6+ 41. Qxe6 fxe6 42. P@f7+ Qxf7 43. B@c6 Q@b4+ 44. Ke3 Bc5+ 
45. Nxc5 Qxc5+ 46. P@d4 Qf4+ 47. Kxe2 Qcxd4 48. Bxf4 Nxf4+ 49. Kf1 P@g2+ 50. Bxg2 
P@e2+ 51. Kg1 Qxf2+ 52. Kxf2 B@d4+ 53. P@e3 N@d1+ 54. Raxd1 exd1=N+ 55. Rxd1 R@e2+ 
56. Kf3 Rxg2 57. Rxd4 B@e2+ 58. Kxf4 P@g5+ 59. Ke4 P@d5+ 60. Rxd5 exd5+ 61. Kf5 
R@f7+ 62. P@f6 Bd3+ 63. Ke6 Re8+ 64. Kxd5 Rd7+ 65. Kc6 Red8 66. Q@e6+ P@f7 
67. N@h6+ gxh6 68. N@e7+ Kf8 69. Q@g7+ Ke8 70. Qxh8+ N@f8 71. N@g7# 
{Thufir checkmated} 1-0

[Event "fics rated crazyhouse match"]
[Site "fics, Oklahoma City, OK USA"]
[Date "2000.01.29"]
[White "Musot"]
[WhiteElo "2255"]
[Black "Oddyseus"]
[BlackElo "2179"]
[TimeControl "180+0"]
[Result "1-0"]

1. e4 e6 2. d4 Be7 3. Nc3 d5 4. exd5 exd5 5. Bb5+ P@c6 6. Bd3 
Nf6 7. Nge2 Be6 8. Nf4 Bg4 9. f3 Bd7 10. P@e5 Ng8 11. Qe2 f6 
12. e6 Bc8 13. Nh5 Bf8 14. Bxh7 Rxh7 15. P@f7+ Ke7 16. fxg8=Q Rxh5 17. Qf7+ 
Kd6 18. Bf4+ B@e5 19. dxe5+ fxe5 20. N@e4+ dxe4 21. Nxe4+ Kd5 22. B@b3+ Kd4 
23. O-O-O# 
{Oddyseus resigns} 1-0

[Event "fics rated crazyhouse match"]
[Site "fics, Oklahoma City, OK USA"]
[Date "2000.01.29"]
[White "Oddyseus"]
[WhiteElo "2173"]
[Black "Musot"]
[BlackElo "2261"]
[TimeControl "180+0"]
[Result "0-1"]

1. e4 e6 2. Nc3 Nc6 3. d4 Nf6 4. Nf3 Bb4 5. Bd3 d5 6. e5 
Ne4 7. Bd2 Nxd2 8. Qxd2 B@e4 9. N@h5 Rg8 10. Nxe4 dxe4 11. Bxe4 Bxd2+ 
12. Nxd2 Qxd4 13. Bxh7 Qxd2+ 14. Kxd2 N@c4+ 15. Ke1 Q@d2+ 16. Kf1 Ne3+ 17. Kg1 
N@e2# 
{Oddyseus checkmated} 0-1

[Event "fics rated crazyhouse match"]
[Site "fics, Oklahoma City, OK USA"]
[Date "2000.01.29"]
[White "Musot"]
[WhiteElo "2267"]
[Black "Oddyseus"]
[BlackElo "2167"]
[TimeControl "180+0"]
[Result "0-1"]

1. e4 e6 2. d4 Be7 3. Nc3 d5 4. Nf3 Nf6 5. exd5 exd5 6. Bb5+ 
P@c6 7. Bd3 Na6 8. Ne5 Nb4 9. a3 Nxd3+ 10. cxd3 Be6 11. N@g5 B@d7 
12. Nxd7 Qxd7 13. O-O O-O 14. Nxe6 fxe6 15. P@h6 gxh6 16. Bxh6 P@g7 17. Bxg7 
Kxg7 18. P@g5 Ne8 19. B@e5+ Kg8 20. Qh5 B@g6 21. Qh6 N@f5 22. Qh3 Bxg5 
23. P@f4 Bh6 24. B@g5 Bg7 25. Bxg7 Nexg7 26. B@e5 B@h8 27. Bgf6 N@f7 28. Bxg7 
Bxg7 29. Bxg7 Nxg7 30. N@f6+ Kh8 31. Nxd7 B@f5 32. Qxf5 Nxf5 33. B@f6+ P@g7 
34. Ne5 gxf6 35. Nxf7+ Rxf7 36. B@g4 B@g7 37. Bxf5 exf5 38. N@g3 B@e6 39. N@e3 
B@d7 40. Rad1 N@g4 41. Na4 Nxe3 42. fxe3 N@g4 43. N@c2 Re8 44. Nc5 b6 
45. b4 bxc5 46. bxc5 N@h4 47. P@h3 Nxh2 48. Kxh2 P@f3 49. gxf3 Q@g2# 
{Musot checkmated} 0-1

[Event "fics rated crazyhouse match"]
[Site "fics, Oklahoma City, OK USA"]
[Date "2000.01.29"]
[White "Oddyseus"]
[WhiteElo "2177"]
[Black "Musot"]
[BlackElo "2257"]
[TimeControl "180+0"]
[Result "1-0"]

1. e4 e6 2. Nc3 Nc6 3. d4 Nf6 4. Nf3 Bb4 5. e5 Ne4 6. Bd2 
Nxd2 7. Qxd2 d6 8. Be2 Bxc3 9. bxc3 dxe5 10. dxe5 Qxd2+ 11. Kxd2 N@e4+ 
12. Ke1 Q@b2 13. Rd1 Qxc3+ 14. B@d2 Nxd2 15. Rxd2 B@b4 16. N@e4 Qa1+ 17. Q@d1 
Qxd1+ 18. Bxd1 B@d5 19. N@f6+ Kd8 20. Nxd5 exd5 21. P@f6 Bxd2+ 22. Nexd2 gxf6 
23. exf6 R@e6+ 24. P@e2 N@f4 25. B@f1 P@c3 26. B@e7+ Nxe7 27. fxe7+ Rxe7 28. Q@d4 
cxd2+ 29. Nxd2 Rhe8 30. Qxf4 B@c3 31. P@f6 Bxd2+ 32. Qxd2 N@e4 33. fxe7+ Rxe7 
34. B@g5 P@f6 35. R@f8+ N@e8 36. Qxd5+ Q@d6 37. Qxd6+ cxd6 38. P@c7+ Rxc7 39. Rxe8+ 
Kxe8 40. N@g7+ Kd7 41. Q@e8# 
{Musot checkmated} 1-0

[Event "fics rated crazyhouse match"]
[Site "fics, Oklahoma City, OK USA"]
[Date "2000.01.29"]
[White "Musot"]
[WhiteElo "2247"]
[Black "Oddyseus"]
[BlackElo "2187"]
[TimeControl "180+0"]
[Result "1-0"]

1. e4 e6 2. d4 Be7 3. Nc3 d5 4. Nf3 Nf6 5. exd5 exd5 6. Bb5+ 
Bd7 7. Bxd7+ Nbxd7 8. P@e5 Ne4 9. Nxd5 Nxf2 10. Kxf2 B@e4 11. Nf4 Bxf3 
12. gxf3 P@g5 13. Nh5 N@h3+ 14. Kg2 Nf4+ 15. Bxf4 gxf4 16. Nxg7+ Kf8 17. B@h6 
Rg8 18. B@g4 Rxg7 19. Bxg7+ Kxg7 20. N@f5+ Kf8 21. R@h8+ B@g8 22. Rxg8+ Kxg8 
23. Nh6+ Kf8 24. P@g7+ Ke8 25. g8=Q+ Bf8 26. Qxf7# 
{Oddyseus checkmated} 1-0

[Event "fics rated crazyhouse match"]
[Site "fics, Oklahoma City, OK USA"]
[Date "2000.01.29"]
[White "LINDEGREN"]
[WhiteElo "2323"]
[Black "Ebenfelt"]
[BlackElo "2340"]
[TimeControl "180+0"]
[Result "0-1"]

1. e4 e5 2. Nf3 Bc5 3. d4 Bxd4 4. Nxd4 exd4 5. Qxd4 Nf6 6. Bc4 
P@h3 7. Rg1 hxg2 8. B@e2 Nc6 9. Bxf7+ Kxf7 10. Qc4+ P@e6 11. Nc3 Ne5 
12. Rxg2 Nxc4 13. P@f3 Q@h1+ 14. Bf1 B@h3 15. Bg5 Bxg2 16. O-O-O R@a1+ 17. Nb1 
Bxf1 18. P@e2 Qe7 19. P@e3 Qb4 
{LINDEGREN resigns} 0-1